 Dungeon Sprint DCSS version 0.31-a0-691-g409c26aa35 (webtiles) character file.

Game seed: 4207692239932520388

3500000 Midn8 the Axe Maniac (level 20, 0/231 HPs)
             Began as an Armataur Gladiator on Sept 6, 2023.
             Was the Champion of Makhleb.
             Slain by a large bag of meat
             ... wielding a +9 giant spiked club
              (80 damage)
             ... in the Dungeon (Sprint VIII: "Arena of Blood").
             The game lasted 00:01:26 (35 turns).

Midn8 the Axe Maniac (Armataur Gladiator)             Turns: 35, Time: 00:01:26

Health: 0/231      AC: 10    Str: 21    XL:     20   Next: 11%
Magic:  17/42      EV: 28    Int:  8    God:    Makhleb [******]
Gold:   0          SH:  0    Dex: 20    Spells: 55/55 levels left

rFire   . . .        l - +∞ Axe of Woe
rCold   . . .        (shield currently unavailable)
rNeg    . . .        b - +0 leather armour
rPois   .            c - +0 helmet
rElec   .            (no cloak)
rCorr   .            (no gloves)
SInv    .            (no barding)
Will    +....        (no amulet)
Stlth   +++++++++    (no ring)
HPRegen 0.58/turn    (no ring)
MPRegen 0.28/turn

%: no teleportation, roll
@: no status effects
A: large, rugged brown scales 3, deformed body, armoured tail, roll, long
tongue, awkward tongue
a: Renounce Religion, Minor Destruction, Lesser Servant of Makhleb, Major
Destruction, Greater Servant of Makhleb


You were in the Dungeon.
You worshipped Makhleb.
Makhleb was exalted by your worship.
You visited 1 branch

Inventory:

Hand Weapons
 a - a +0 war axe
 l - the +∞ Axe of Woe (weapon)
   (You found it in the Dungeon)
Missiles
 d - 3 throwing nets (quivered)
 e - a javelin
Armour
 b - a +0 leather armour (worn)
 c - a +0 helmet (worn)
Scrolls
 k - a scroll of blinking
Potions
 f - a potion of curing
 g - a potion of heal wounds
 h - a potion of haste
 i - 2 potions of magic
 j - a potion of berserk rage


   Skills:
 O Level 27 Fighting
 O Level 27 Axes
 + Level 19.7 Throwing
 O Level 27 Armour
 O Level 27 Dodging
 + Level 24.7 Stealth
 + Level 19.7 Unarmed Combat
 + Level 18.2 Spellcasting
 + Level 21.2 Invocations


You had 55 spell levels left.
You didn't know any spells.
Your spell library was empty.

Dungeon Overview and Level Annotations

Branches:
Dungeon (1/1)

Altars:
Makhleb


Innate Abilities, Weirdness & Mutations

You are completely covered in rugged brown scales. (AC +3, +7% HP)
Armour fits poorly on your strangely shaped body.
You have a long armoured tail.
You roll when moving toward enemies. (Rampage)
Your long tongue fully drains potion bottles. (2x potion effects)
Your tongue gives you trouble enunciating. (1.5x scroll delay)


Message History

You are engulfed in blazing flames.
You hear a shout! x6
A sculptor of flesh comes into view. It is wielding a +9 great sword.
A meat berserker comes into view. It is wielding a +9 battleaxe.
A bag of meat comes into view. It is wielding a +9 war axe. x6
The large bag of meat is engulfed in blazing flames.
You hear a shout!
Your Throwing skill increases to level 19!
Your Stealth skill gained 2 levels and is now at level 24!
Your Unarmed Combat skill gained 2 levels and is now at level 19!
Your Spellcasting skill gained 2 levels and is now at level 18!
Your Invocations skill gained 2 levels and is now at level 21!
You have reached level 20!
You feel stronger.
Unknown command.
You roll towards the meat berserker!
A meat berserker, a destroyer and 2 bags of meat come into view.
The destroyer is wielding a +9 heavy great sword.
A bag of meat and a meat berserker come into view.
The destroyer appears out of thin air!
A destroyer comes into view. It is wielding a +9 heavy great sword.
The bag of meat shouts!
The destroyer shouts!
You hear a shout!
A destroyer comes into view. It is wielding a +9 heavy great sword.
The meat berserker hits you with a +9 battleaxe!!!
A meat berserker comes into view. It is wielding a +9 battleaxe.
The meat berserker rages.
The bag of meat is engulfed in blazing flames.
The meat berserker hits you with a +9 battleaxe!!!
The large bag of meat is engulfed in blazing flames.
A meat berserker comes into view. It is wielding a +9 battleaxe.
A bag of meat comes into view. It is wielding a +9 war axe. x2
The bag of meat hits you with a +9 war axe!!
A bag of meat comes into view. It is wielding a +9 war axe.
The bag of meat is engulfed in blazing flames.
The destroyer gestures at you while chanting.
The destroyer blinks!
The large bag of meat is engulfed in blazing flames.
The large bag of meat attacks as it pursues you!
The large bag of meat hits you with a +9 giant spiked club!!!!
You die...

...... .#..o .Vo......
.. O .#.o..O...#.... .#
O. ..O#.... #.... ..#
o..#.o...o###.... ..###.
..ooO..........###......
.....o.#O...o).._......
.....#OoO....#.)...#
#...o@ooo..#_)<._#
#....#ooO○§.o#))...#...
.....O.#)Oo)o)))_......
........))VoO..###......
.§.V......###oo.....###.
..o..o..... #.o.o...#
.o.o........#.......#
...#.................
#.#.#............oo


You could see 3 destroyers, 4 large bags of meat, 8 meat berserkers and 28 bags
of meat.

Vanquished Creatures
  13 ogres (D)
  A two-headed ogre (D)
  22 orcs (D)
36 creatures vanquished.

Notes
Turn   | Place    | Note
-------+----------+-------------------------------------------
     0 | D        | Found the +∞ Axe of Woe
     0 | D        | Midn8 the Armataur Gladiator began the quest for the Orb.
     0 | D        | Reached XP level 1. HP: 18/18 MP: 1/1
     4 | D        | Became a worshipper of Makhleb the Destroyer
     5 | D        | Noticed a bag of meat
     6 | D        | Noticed a bag of meat
     7 | D        | Noticed a bag of meat
     8 | D        | Noticed a bag of meat
     9 | D        | Noticed a bag of meat
     9 | D        | Noticed a bag of meat
     9 | D        | Killed a bag of meat
    10 | D        | Reached XP level 2. HP: 25/25 MP: 2/2
    10 | D        | Reached XP level 3. HP: 31/31 MP: 3/3
    10 | D        | Reached XP level 4. HP: 38/38 MP: 4/4
    10 | D        | Reached XP level 5. HP: 43/43 MP: 5/5
    10 | D        | Reached XP level 6. HP: 51/51 MP: 6/6
    10 | D        | Reached XP level 7. HP: 56/56 MP: 7/7
    10 | D        | Reached XP level 8. HP: 64/64 MP: 8/8
    10 | D        | Reached XP level 9. HP: 71/71 MP: 9/9
    10 | D        | Reached XP level 10. HP: 78/78 MP: 10/10
    10 | D        | Killed a bag of meat
    10 | D        | Reached * piety under Makhleb
    11 | D        | Reached XP level 11. HP: 84/84 MP: 11/11
    11 | D        | Killed a bag of meat
    12 | D        | Reached XP level 12. HP: 90/90 MP: 12/12
    12 | D        | Noticed a bag of meat
    12 | D        | Noticed a bag of meat
    13 | D        | Killed a bag of meat
    13 | D        | Noticed a bag of meat
    13 | D        | Noticed a meat berserker
    14 | D        | Reached skill level 27 in Axes
    14 | D        | Reached XP level 13. HP: 118/118 MP: 13/13
    14 | D        | Killed a bag of meat
    14 | D        | Reached ** piety under Makhleb
    14 | D        | Noticed a meat berserker
    14 | D        | Noticed a bag of meat
    15 | D        | Noticed a bag of meat
    15 | D        | Killed a bag of meat
    15 | D        | Killed a bag of meat
    16 | D        | Reached XP level 14. HP: 157/157 MP: 14/14
    16 | D        | Noticed a bag of meat
    16 | D        | Noticed a bag of meat
    17 | D        | Killed a bag of meat
    17 | D        | Reached *** piety under Makhleb
    17 | D        | Noticed a bag of meat
    18 | D        | Noticed a meat berserker
    18 | D        | Killed a bag of meat
    19 | D        | Noticed a bag of meat
    20 | D        | Killed a meat berserker
    21 | D        | Reached XP level 15. HP: 185/185 MP: 15/15
    21 | D        | Killed a meat berserker
    22 | D        | Reached skill level 27 in Fighting
    22 | D        | Reached **** piety under Makhleb
    22 | D        | Noticed a meat berserker
    22 | D        | Noticed a meat berserker
    23 | D        | Noticed a meat berserker
    23 | D        | Noticed a meat berserker
    23 | D        | Noticed a meat berserker
    24 | D        | Noticed a large bag of meat
    24 | D        | Noticed a meat berserker
    25 | D        | Reached XP level 16. HP: 195/195 MP: 16/16
    25 | D        | Killed a meat berserker
    25 | D        | Reached ***** piety under Makhleb
    25 | D        | Noticed a large bag of meat
    25 | D        | Noticed a meat berserker
    25 | D        | Noticed a meat berserker
    26 | D        | Killed a meat berserker
    26 | D        | Noticed a meat berserker
    26 | D        | Noticed a meat berserker
    26 | D        | Noticed a large bag of meat
    27 | D        | Killed a meat berserker
    28 | D        | Reached XP level 17. HP: 204/204 MP: 17/17
    28 | D        | Noticed a meat berserker
    29 | D        | Killed a meat berserker
    30 | D        | Reached skill level 27 in Dodging
    30 | D        | Reached skill level 15 in Armour
    30 | D        | Killed a meat berserker
    30 | D        | Killed a meat berserker
    31 | D        | Reached skill level 27 in Armour
    31 | D        | Reached XP level 18. HP: 168/214 MP: 17/27
    31 | D        | Noticed a large bag of meat
    31 | D        | Killed a meat berserker
    31 | D        | Reached ****** piety under Makhleb
    31 | D        | Noticed a meat berserker
    32 | D        | Reached skill level 15 in Stealth
    32 | D        | Noticed a meat berserker
    32 | D        | Killed a meat berserker
    32 | D        | Noticed a large bag of meat
    33 | D        | Reached skill level 15 in Invocations
    33 | D        | Reached XP level 19. HP: 221/221 MP: 17/36
    33 | D        | Killed a meat berserker
    33 | D        | Killed a meat berserker
    34 | D        | Noticed a meat berserker
    34 | D        | Killed a large bag of meat
    34 | D        | Killed a meat berserker
    34 | D        | Noticed a meat berserker
    35 | D        | Reached XP level 20. HP: 191/231 MP: 17/42
    35 | D        | Noticed a meat berserker
    35 | D        | Noticed a destroyer
    35 | D        | Noticed a meat berserker
    35 | D        | Noticed a destroyer
    35 | D        | Noticed a meat berserker
    35 | D        | Noticed a meat berserker
    35 | D        | Slain by a large bag of meat

Illustrated notes

Levels and vault maps discovered:
D:        meatsprint

Skill      XL: |  1  2  3  4  5  6  7  8  9 10 11 12 13 14 15 16 17 18 19 |
---------------+----------------------------------------------------------+-----
Axes           | 21 24 26 27 | 27.0
Fighting       | 9 19 26 27 | 27.0
Dodging        | 17 26 27 | 27.0
Armour         | 27 | 27.0
Throwing       | 7 14 19 | 19.7
Stealth        | 8 17 24 | 24.7
Unarmed Combat | 6 14 19 | 19.7
Spellcasting   | 6 13 18 | 18.2
Invocations    | 7 15 21 | 21.2

Action                     |  1- 3 |  4- 6 |  7- 9 | 10-12 | 13-15 | 16-18 | 19-21 || total
---------------------------+-------+-------+-------+-------+-------+-------+-------++-------
  Melee: Executioner's axe |     1 |       |       |     3 |     9 |     7 |     2 ||    22
 Armour: Leather armour    |       |       |       |       |       |     1 |     6 ||     7

Table legend: (Time is in decaauts)
 A = Elapsed time spent in this place.
 B = Non-inter-level travel time spent in this place.
 C = Inter-level travel time spent in this place.
 D = Time resting spent in this place.
 E = Time spent auto-exploring this place.
 F = Levels seen in this place.
 G = Mean time per level.
                   A        B        C        D        E       F      G
               +--------+--------+--------+--------+--------+-----+--------+
         Total |     29 |     29 |      0 |      0 |      0 |   1 |   29.0 |
       Dungeon |     29 |     29 |      0 |      0 |      0 |   1 |   29.0 |
               +--------+--------+--------+--------+--------+-----+--------+

Top non-repeatable levels by time:
       D: 29 daAuts
